 Dungeon Crawl Stone Soup version 0.20.1-4-g4af34eaf8e (webtiles) character file.

1874 Alfie the Archer (level 8, -9/71 HPs)
             Began as a Minotaur Hunter on Feb 28, 2020.
             Mangled by Alfie's ghost (14 damage)
             ... on level 6 of the Dungeon.
             The game lasted 00:20:35 (5321 turns).

Alfie the Archer (Minotaur Hunter)                  Turns: 5321, Time: 00:20:36

Health: -9/71      AC:  7    Str: 18    XL:     8   Next: 91%
Magic:  7/7        EV: 13    Int:  8    God:
Gold:   353        SH:  0    Dex: 12    Spells: 6/7 levels left

rFire    + . .     SeeInvis .   b - +1 short sword
rCold    . . .     Gourm    .   (no shield)
rNeg     . . .     Faith    .   c - +2 leather armour
rPois    .         Spirit   .   (helmet restricted)
rElec    .         Reflect  .   g - +1 cloak
rCorr    .         Harm     .   (no gloves)
MR       .....                  (no boots)
Stlth    +.........             (no amulet)
Regen    0.3/turn               v - ring of protection from fire
MPRegen  0.1/turn               (no ring)

@: no status effects
A: retaliatory headbutt, horns 2
a: no special abilities


You were on level 6 of the Dungeon.
You were not hungry.

You visited 1 branch of the dungeon, and saw 6 of its levels.
You also visited: Ossuary.

You collected 353 gold pieces.

Inventory:

Hand Weapons
 a - a +1 shortbow
 b - a +1 short sword (weapon)
Missiles
 d - 59 arrows
Armour
 c - a +2 leather armour (worn)
 g - a +1 cloak (worn)
Jewellery
 k - an uncursed ring of ice
 v - a ring of protection from fire (left hand)
 z - the amulet "Piusug" {Spirit rN+++ Int-4, unknown}
   (You found it on level 5 of the Dungeon)

   [amulet of guardian spirit]

   It causes incoming damage to be split between your health and magic.
   It affects your intelligence (-4).
   It renders you almost immune to negative energy.
Wands
 w - a wand of iceblast (5/15)
 B - a wand of confusion (28/48)
Scrolls
 e - a scroll of blinking
 j - 8 scrolls of identify
 l - 2 scrolls of amnesia
 p - a scroll of teleportation
 q - a scroll of fear
 y - a scroll of remove curse
 A - a scroll of magic mapping
Potions
 h - 3 potions of curing
 n - 3 potions of mutation {unknown}
 o - a potion of haste {unknown}
 r - a potion of degeneration {unknown}
 s - a potion of flight {unknown}
 t - a potion of cancellation {unknown}
 u - 2 potions of lignification {unknown}
Books
 m - a book of Cantrips

   Spells                             Type                      Level
   a - Confusing Touch                Hexes                        1
   b - Animate Skeleton               Necromancy                   1
   c - Summon Small Mammal            Summoning                    1
   d - Apportation                    Translocation                1
Comestibles
 f - 5 bread rations
 i - 2 meat rations


   Skills:
 + Level 6.4 Fighting
 + Level 2.0 Short Blades
 + Level 10.9 Bows
 + Level 3.3 Armour
 + Level 3.5 Dodging
 + Level 1.5 Stealth


You had 6 spell levels left.
You knew the following spells:

 Your Spells              Type           Power        Failure   Level  Hunger
a - Summon Small Mammal   Summ           #...         45%         1    ##.....


Dungeon Overview and Level Annotations

Branches:
Dungeon (6/15)             Temple (0/1) D:5

Altars:
Ashenzari
Fedhas
Nemelex Xobeh
Qazlal
Yredelemnul
Beogh

Shops:
D:4 =

Annotations:
D:6 Alfie's ghost, novice HOFi


Innate Abilities, Weirdness & Mutations

You reflexively headbutt those who attack you in melee.
You have a pair of horns on your head.


Message History

Alfie's ghost hits you!
You closely miss Alfie's ghost. Your headbutt misses Alfie's ghost.
Alfie's ghost is lightly damaged.
Alfie's ghost hits you!
You hit Alfie's ghost.
Alfie's ghost is lightly damaged.
Alfie's ghost hits you!
You completely miss Alfie's ghost. Your headbutt misses Alfie's ghost.
Alfie's ghost is lightly damaged.
Alfie's ghost hits you.
* * * LOW HITPOINT WARNING * * *
You barely miss Alfie's ghost. Your headbutt misses Alfie's ghost.
Alfie's ghost is lightly damaged.
Alfie's ghost hits you!
* * * LOW HITPOINT WARNING * * *
You closely miss Alfie's ghost.
You headbutt Alfie's ghost, but do no damage.
Alfie's ghost is lightly damaged.
Alfie's ghost hits you!
You die...

. ## ## .. # .## .###.#
####. ..
....####..(...... ##
...............#. .#
.......... ... ..#.#
.........####.. ...#
.............$.##.#
#.##.###.#.....W@.#
#.##.# #.#####†.#
..##.# #.†###.# ..##.#
#......# ..##.# #
#..##..#
..##.#####.#####..##..#
..##....##........##..#
.....##.#####......#..#
.###.##.#####..###.#..#


You could see Alfie's ghost.

Vanquished Creatures
  An orc warrior (D:4)
  3 ogres
  3 bullfrogs (D:6)
  6 water moccasin zombies
  The ghost of Alfie the Shooter, a weakling MiHu (D:3)
  A centaur skeleton (D:5)
  A bullfrog zombie (D:6)
  A hound (D:6)
  A jelly (D:6)
  4 orc priests
  5 orc wizards
  3 bullfrog skeletons
  6 worker ants
  4 big kobold zombies (Ossuary)
  3 mummies
  7 adders
  A shadow imp (D:5)
  5 adder zombies (Ossuary)
  An adder skeleton (D:5)
  3 worms
  3 dart slugs
  7 leopard geckos
  22 orcs
  12 bats
  3 giant cockroaches
  4 gnoll zombies
  11 hobgoblins
  12 jackals
  8 kobolds
  2 quokkas
  A giant cockroach zombie (D:5)
  11 goblins
  3 hobgoblin zombies (Ossuary)
  4 kobold zombies (Ossuary)
  5 orc zombies (Ossuary)
  9 rats
177 creatures vanquished.

Notes
Turn   | Place    | Note
-------+----------+-------------------------------------------
     0 | D:1      | Alfie the Minotaur Hunter began the quest for the Orb.
     0 | D:1      | Reached XP level 1. HP: 18/18 MP: 0/0
     1 | D:1      | Noticed an electric eel
   103 | D:1      | Reached XP level 2. HP: 25/25 MP: 1/1
   328 | D:1      | Reached skill level 5 in Bows
   420 | D:1      | Reached XP level 3. HP: 30/30 MP: 2/2
   825 | D:2      | Reached skill level 1 in Armour
   982 | D:2      | Reached XP level 4. HP: 33/37 MP: 3/3
  1435 | D:3      | Found a sparkling altar of Nemelex Xobeh.
  1447 | D:3      | Reached skill level 6 in Bows
  1526 | D:3      | Noticed Alfie's ghost (weakling MiHu)
  1548 | D:3      | Killed Alfie's ghost
  1548 | D:3      | Reached XP level 5. HP: 35/46 MP: 4/4
  2159 | D:4      | Noticed an orc warrior
  2179 | D:4      | Killed an orc warrior
  2179 | D:4      | Reached XP level 6. HP: 30/52 MP: 5/5
  2187 | D:4      | Reached skill level 7 in Bows
  2244 | D:4      | Found a sand-covered staircase.
  2281 | Ossuary  | Entered an ossuary
  2348 | Ossuary  | Reached skill level 1 in Stealth
  2582 | Ossuary  | Reached XP level 7. HP: 28/60 MP: 6/6
  2612 | Ossuary  | Reached skill level 5 in Fighting
  2825 | Ossuary  | Learned a level 1 spell: Summon Small Mammal
  2840 | Ossuary  | Reached skill level 1 in Short Blades
  2840 | Ossuary  | Reached skill level 8 in Bows
  2963 | D:4      | Found Lazogyho's Jewellery Emporium.
  3183 | D:4      | Found a blossoming altar of Fedhas.
  3185 | D:4      | Found a stormy altar of Qazlal.
  3287 | D:4      | Found a shattered altar of Ashenzari.
  3381 | D:4      | Found a roughly hewn altar of Beogh.
  3445 | D:5      | Entered Level 5 of the Dungeon
  3660 | D:5      | Got a vibrating ruby amulet
  3716 | D:5      | Found a staircase to the Ecumenical Temple.
  3940 | D:5      | Reached skill level 9 in Bows
  3940 | D:5      | Reached XP level 8. HP: 45/69 MP: 7/7
  4686 | D:6      | Found a basalt altar of Yredelemnul.
  4867 | D:6      | Reached skill level 10 in Bows
  5162 | D:6      | Noticed Alfie's ghost (novice HOFi)
  5321 | D:6      | Mangled by Alfie's ghost

Skill      XL: |  1  2  3  4  5  6  7  8 |
---------------+-------------------------+-----
Bows           | 5 6 7 9 10 | 10.9
Armour         | 1 2 3 |  3.3
Fighting       | 3 4 5 6 |  6.4
Dodging        | 3 |  3.5
Stealth        | 1 |  1.5
Short Blades   | 2 |  2.0

Action                   |  1- 3 |  4- 6 |  7- 9 || total
-------------------------+-------+-------+-------++-------
Melee: Short sword       |    22 |    34 |    58 ||   114
       Headbutt          |     4 |    10 |    14 ||    28
 Fire: Shortbow          |    76 |   151 |   273 ||   500
  Use: Scroll            |     1 |    14 |     2 ||    17
       Potion            |       |     1 |     1 ||     2
  Eat: Bread ration      |       |     2 |       ||     2
       Royal jelly       |       |       |     2 ||     2
Armor: Leather armour    |    17 |    25 |    61 ||   103
Dodge: Dodged            |    35 |    48 |    86 ||   169
